Map: Neon Violet Square LE

Players

fruitcake

  • Race: Protoss Protoss
  • Spawn Location: 11:00

A.I. 1 (Elite) - Winner!

  • Race: Terran Terran
  • Spawn Location: 5:00

VOD

Have the link to the VOD?

Description

Time

  • Played on: May 6, 2018, 5:55 a.m.
  • Length: 10:32
Show
View Real Time Build Order
Export as new Build Order

fruitcake Protoss 

Build Orders:  

Get SALT Encoding   

  1  0:00  Probe  
  13  0:15  Pylon  
  13  0:16  Probe  
  14  0:28  Probe  
  15  0:29  Assimilator  
  15  0:40  Probe  
  16  0:45  Gateway  
  16  0:52  Probe  
  17  1:01  Probe  
  17  1:05  Gateway  
  18  1:12  Probe  
  19  1:26  Assimilator  
  19  1:27  Probe  
  19  1:32  Zealot  
  22  1:40  Cybernetics Core  
  22  1:52  Pylon  
  22  1:53  Probe  
  23  2:10  Zealot  
  23  2:11  Zealot  
  27  2:16  Warp Gate  
  27  2:21  Probe  
  28  2:37  Stalker  
  30  2:45  Pylon  
  30  2:52  Pylon  
  30  3:03  Stalker  
  32  3:07  Stalker  
  34  3:15  Nexus  
  34  3:28  Probe  
  34  3:30  Pylon  
  35  3:36  Stalker  
  37  3:45  Stalker  
  39  3:57  Pylon  
  39  4:11  Gateway, Stalker  
  41  4:27  Robotics Facility  
  41  4:33  Probe  
  42  4:41  Probe x2  
  44  4:53  Probe  
  44  4:55  Pylon x2  
  45  5:03  Stalker  
  47  5:09  Warp Prism  
  47  5:16  Probe  
  50  5:21  Probe  
  50  5:24  Probe  
  52  5:35  Stalker x2  
  56  5:38  Probe  
  57  5:46  Probe  
  57  5:49  Assimilator  
  58  6:02  Shield Battery  
  58  6:08  Probe  
  58  6:12  Forge  
  58  6:13  Probe  
  58  6:16  Immortal  
  58  6:17  Probe  
  64  6:20  Stalker  
  67  6:51  Probe  
  68  6:58  Assimilator  
  68  7:04  Probe  
  68  7:06  Stalker x2  
  68  7:07  Stalker  
  43  7:16  Probe  
  42  7:25  Immortal  
  46  7:39  Photon Cannon  
  46  7:41  Stalker  
  46  7:42  Photon Cannon  
  46  7:43  Stalker  
  50  7:44  Photon Cannon  
  50  7:47  Stalker  
  50  7:51  Immortal  
  56  8:20  Gateway  
  56  8:22  Gateway  
  56  8:24  Immortal  
  56  8:27  Shield Battery  
  60  8:51  Stalker, Immortal  
  60  8:52  Stalker x2  
  66  8:56  Nexus  
  64  9:30  Stalker x3  
  44  9:48  Immortal  
  48  9:57  Probe  
  46  10:05  Pylon  
  46  10:09  Stalker x2, Probe  
  50  10:18  Stalker  
Show
View Real Time Build Order
Export as new Build Order

A.I. 1 (Elite) Terran - Winner!

Build Orders: MMM Bio 

Get SALT Encoding   

  12  0:00  SCV  
  13  0:13  SCV  
  14  0:20  Supply Depot  
  14  0:25  SCV  
  15  0:29  Refinery  
  15  0:42  SCV  
  16  0:47  Barracks  
  16  0:54  SCV  
  17  1:06  SCV  
  17  1:08  Supply Depot  
  18  1:18  SCV  
  19  1:30  SCV  
  20  1:37  Marine  
  20  1:39  Factory  
  21  1:44  Barracks  
  21  1:46  SCV  
  22  1:55  Marine  
  22  1:58  SCV  
  24  2:02  Supply Depot  
  24  2:10  SCV  
  24  2:12  Marine  
  26  2:22  SCV  
  27  2:23  Factory Tech Lab  
  27  2:30  Marine  
  27  2:34  SCV  
  27  2:36  Marine  
  30  2:43  Siege Tank  
  33  2:46  SCV  
  34  3:06  SCV  
  34  3:07  Command Center  
  35  3:19  Orbital Command  
  35  3:20  Refinery  
  35  3:30  Marine  
  35  3:33  Marine  
  37  3:44  SCV  
  38  3:48  Marine  
  38  3:52  Supply Depot  
  39  4:03  Barracks  
  39  4:08  Barracks Tech Lab  
  39  4:13  Marine  
  39  4:14  SCV  
  41  4:19  SCV  
  42  4:26  SCV, Marine  
  42  4:31  SCV  
  45  4:32  Barracks Tech Lab  
  45  4:33  Stimpack  
  45  4:38  SCV  
  46  4:43  SCV  
  46  4:44  Marine  
  48  4:49  Marine  
  48  4:50  SCV, Combat Shields  
  48  4:51  Marauder  
  52  4:55  SCV  
  52  4:58  Supply Depot  
  53  5:02  SCV, Marauder  
  56  5:07  SCV  
  56  5:12  Marauder  
  56  5:13  Engineering Bay  
  59  5:14  SCV  
  59  5:19  Orbital Command  
  60  5:23  Marauder  
  60  5:26  SCV  
  60  5:27  Supply Depot  
  63  5:33  Marauder  
  65  5:36  Engineering Bay  
  65  5:38  SCV  
  65  5:41  Terran Infantry Weapons Level 1  
  66  5:44  SCV  
  66  5:45  Marauder  
  69  5:50  SCV  
  69  5:52  Supply Depot  
  69  5:55  Marauder  
  69  5:57  SCV  
  73  6:02  SCV, Siege Tank, Barracks Reactor, Terran Infantry Armor Level 1  
  73  6:04  Missile Turret  
  77  6:10  Refinery  
  77  6:14  Marauder  
  77  6:15  Command Center  
  77  6:16  Marine  
  80  6:19  SCV  
  80  6:20  Supply Depot  
  80  6:21  SCV, Concussive Shells  
  82  6:32  SCV  
  83  6:33  SCV, Marine  
  85  6:42  Siege Tank, Marauder  
  85  6:44  SCV, Missile Turret  
  85  6:46  Missile Turret  
  91  6:47  Supply Depot  
  91  6:52  Marauder  
  91  6:53  Barracks  
  93  6:59  Starport  
  93  7:08  Refinery  
  93  7:09  Marauder  
  93  7:10  Supply Depot  
  93  7:12  Marine  
  93  7:13  Marine  
  93  7:14  Siege Tank  
  97  7:26  Missile Turret  
  97  7:28  SCV x2  
  99  7:30  SCV  
  100  7:40  SCV, Medivac  
  100  7:42  SCV  
  104  7:44  SCV  
  104  7:45  Missile Turret  
  104  7:46  Siege Tank  
  104  7:48  Missile Turret  
  108  7:52  SCV, Marauder  
  108  7:54  Supply Depot  
  108  7:56  SCV  
  108  7:57  SCV  
  113  8:04  SCV, Armory  
  114  8:08  SCV  
  114  8:09  Orbital Command  
  114  8:10  Starport Reactor  
  115  8:16  SCV  
  115  8:18  Supply Depot  
  116  8:20  SCV  
  116  8:24  Siege Tank  
  116  8:25  Missile Turret  
  120  8:28  SCV  
  120  8:31  Refinery  
  120  8:32  SCV  
  122  8:34  SCV  
  122  8:38  Refinery  
  123  8:44  Supply Depot  
  123  8:46  Missile Turret, Medivac  
  125  8:53  SCV  
  126  8:56  Widow Mine  
  126  8:58  Command Center  
  126  9:00  SCV x2  
  130  9:05  SCV  
  130  9:07  Supply Depot, Medivac  
  133  9:13  Marine x2  
  133  9:14  Marine x2, Factory  
  133  9:15  Marine  
  131  9:17  Widow Mine  
  123  9:30  Starport  
  123  9:31  Marine x2  
  112  9:32  Marine x2  
  112  9:33  Marauder  
  112  9:38  Siege Tank  
  115  9:49  Marine, Marauder  
  115  9:50  Marine x2  
  120  9:54  Marauder  
  120  9:58  Widow Mine  
  124  10:00  Armory  
  124  10:06  Starport Tech Lab  
  123  10:07  Marine  
  123  10:08  Marine  
  123  10:10  SCV  
  123  10:11  Widow Mine, Marauder  
  123  10:12  Marine  
  130  10:16  Missile Turret  
  130  10:20  Missile Turret, Factory Tech Lab  
  131  10:23  Command Center  
Tags
 
Add a new tag
Caveats
  • Supply blocks, unpowered buildings, or Contaminate may cause inaccurate times.
  • Supply counts are checked every 10 seconds.